 Dungeon Crawl Stone Soup version 0.31.0-11-ge490571c62 (webtiles) character file.

Game seed: 17776798037099772663

813 PaiMei the Digger (level 7, -11/44 HPs)
             Began as a Gargoyle Earth Elementalist on Jan 29, 2024.
             Killed by divine providence
             ... invoked by an orc priest
              (14 damage)
             ... on level 4 of the Dungeon.
             The game lasted 00:07:56 (4303 turns).

PaiMei the Digger (Gargoyle Earth Elementalist)     Turns: 4303, Time: 00:07:56

Health: -11/44     AC:  7    Str: 12    XL:     7   Next: 93%
Magic:  8/13       EV: 13    Int: 17    God:
Gold:   77         SH:  0    Dex: 16    Spells: 7/14 levels left

rFire   . . .        n - +2 short sword (protect)
rCold   + . .        (no shield)
rNeg    + . .        a - +0 robe
rPois   ∞            t - +0 helmet
rElec   +            (no cloak)
rCorr   .            (no gloves)
SInv    .            (no boots)
Will    .....        g - amulet of the acrobat
Stlth   ++           u - +6 ring of dexterity
HPRegen 0.27/turn    h - ring of protection from cold
MPRegen 0.13/turn

%: acrobat
@: no status effects
A: sickness immunity, AC +4, negative energy resistance 1, electricity
resistance, torment resistance 1, petrification resistance
a: no special abilities


You were on level 4 of the Dungeon.
You visited 1 branch of the dungeon, and saw 4 of its levels.

You collected 142 gold pieces.
You spent 65 gold pieces at shops.

Inventory:

Hand Weapons
 n - a +2 short sword of protection (weapon)
Missiles
 e - 27 stones
 w - 3 poisoned darts (quivered)
Armour
 a - a +0 robe (worn)
 t - a +0 helmet (worn)
Jewellery
 d - a ring of protection from fire
 g - an amulet of the acrobat (around neck)
 h - a ring of protection from cold (right hand)
 u - a +6 ring of dexterity (left hand)
Wands
 z - a wand of acid (7)
Scrolls
 c - 3 scrolls of identify {unknown}
 l - a scroll of poison {unknown}
 o - a scroll of enchant armour {unknown}
 p - 2 scrolls of revelation {unknown}
 q - 2 scrolls of amnesia {unknown}
 s - a scroll of teleportation {unknown}
 x - 3 scrolls of noise {unknown}
 y - a scroll of blinking {unknown}
Potions
 b - 2 potions of magic
 f - a potion of lignification {unknown}
 i - a potion of mutation {unknown}
 j - a potion of brilliance {unknown}
 k - a potion of ambrosia {unknown}
 m - a potion of curing {unknown}
 r - a potion of might {unknown}
 v - 2 potions of heal wounds


   Skills:
 + Level 4.3 Fighting
 + Level 3.8 Dodging
 - Level 2.3 Stealth
 + Level 4.2 Spellcasting
 - Level 1.3 Conjurations
 + Level 6.3 Earth Magic


You had 7 spell levels left.
You knew the following spells:

 Your Spells              Type           Power      Damage    Failure   Level
a - Sandblast             Erth           50%        2d12      1%          1
b - Stone Arrow           Conj/Erth      32%        3d9       10%         3
c - Passwall              Erth           25%        N/A       3%          3

Your spell library contained the following spells:

 Spells                   Type           Power      Damage    Failure   Level
 Brom's Barrelling Bould  Conj/Erth      16%        2d4       32%         4
 Petrify                  Alch/Erth      14%        N/A       38%         4


Dungeon Overview and Level Annotations

Branches:
Dungeon (4/15)
 Temple: D:4-7

Altars:
Fedhas
Ru
Uskayaw

Shops:
D:4 !


Innate Abilities, Weirdness & Mutations

You are immune to sickness and miasma.
Your stone body is resilient. (AC +4)
You are immune to poison.
You resist negative energy. (rN+)
You are resistant to electric shocks. (rElec)
You are resistant to unholy torment.
You are immune to petrification.


Message History

The orc priest miscasts a cantrip.
Casting: Sandblast (safe; 1% risk of failure)
Confirm with . or Enter, or press ? or * to list all spells.
Aiming: Sandblast (safe; 1% risk of failure)
Press: ? - help, Shift-Dir - straight line, f/p - orc
Aim: an orc, wielding a +0 short sword and wearing a +0 leather armour (almost dead, 83% to hit)
The blast of sand hits something!
Reactivating autopickup.
You feel a bit more experienced. The orc hits you with a +0 club.
Casting: Sandblast (safe; 1% risk of failure)
Confirm with . or Enter, or press ? or * to list all spells.
Aiming: Sandblast (safe; 1% risk of failure)
Press: ? - help, Shift-Dir - straight line, f/p - orc
Aim: an orc, wielding a +0 short sword and wearing a +0 leather armour (almost dead, 83% to hit)
The blast of sand hits the orc!
You kill the orc!
The orc priest calls down the wrath of Beogh upon you.
Pain shoots through your body!
* * * LOW HITPOINT WARNING * * *
The orc closely misses you.
Casting: Sandblast (safe; 1% risk of failure)
Confirm with . or Enter, or press ? or * to list all spells.
Aiming: Sandblast (safe; 1% risk of failure)
Press: ? - help, Shift-Dir - straight line, f/p - orc
Aim: an orc, wielding a +0 short sword and wearing a +0 leather armour (almost dead, 83% to hit)
The blast of sand hits the orc!
You kill the orc!
The orc priest invokes the aid of Beogh against you.
Beogh smites you!
* * * LOW HITPOINT WARNING * * *
Casting: Sandblast (safe; 1% risk of failure)
Confirm with . or Enter, or press ? or * to list all spells.
Aiming: Sandblast (safe; 1% risk of failure)
Press: ? - help, Shift-Dir - straight line, f - orc priest
Aim: an orc priest, wielding a +0 mace and wearing a +0 leather armour (83% to hit)
The blast of sand hits the orc priest!
The orc priest is almost dead.
The orc priest mumbles some strange prayers to Beogh against you.
Beogh smites you!
You die...

#............##.......
#........................
#........................
#........................
#..........#.............
#...>....................
#.......o................
########)###......#####..
#...###@###......#......
#.........#...........##
#.........#...........#
#.....................#
.............#.)......#
.............#........##
....##..................
.... #..................
.## #..................


You could see an orc priest.

Vanquished Creatures
  Grinder (D:3)
  Sigmund (D:3)
  An ogre (D:4)
  A phantom (D:3)
  A scorpion (D:4)
  A bombardier beetle (D:3)
  Jessica (D:3)
  Ijyb (D:4)
  An orc wizard (D:4)
  4 adders
  5 dart slugs
  4 ribbon worms
  6 orcs
  7 bats
  3 endoplasms
  2 giant cockroaches
  6 goblins
  9 hobgoblins
  2 jackals (D:2)
  5 kobolds
  5 quokkas
  13 ball pythons
  3 frilled lizards
  4 rats
87 creatures vanquished.

Notes
Turn   | Place    | Note
-------+----------+-------------------------------------------
     0 | D:1      | PaiMei the Gargoyle Earth Elementalist began the quest for
                  | the Orb.
     0 | D:1      | Reached XP level 1. HP: 10/10 MP: 3/3
   220 | D:1      | Reached XP level 2. HP: 15/15 MP: 0/5
   282 | D:1      | You fall into a shaft and drop 1 floor!
   561 | D:1      | Reached skill level 4 in Earth Magic
   561 | D:1      | Reached XP level 3. HP: 20/20 MP: 6/6
   580 | D:1      | Reached skill level 1 in Fighting
  1295 | D:2      | Reached XP level 4. HP: 14/25 MP: 7/7
  1384 | D:2      | Found a faded altar of an unknown god.
  2112 | D:3      | Noticed Sigmund
  2125 | D:3      | Killed Sigmund
  2126 | D:3      | Reached skill level 5 in Earth Magic
  2126 | D:3      | Reached XP level 5. HP: 13/31 MP: 4/9
  2126 | D:3      | Reached XP level 6. HP: 15/36 MP: 4/10
  2646 | D:3      | Found a hide-covered altar of Uskayaw.
  2653 | D:3      | Noticed Jessica
  2676 | D:3      | Killed Jessica
  2869 | D:3      | Noticed Grinder
  2910 | D:3      | Killed Grinder
  2911 | D:3      | Reached XP level 7. HP: 22/42 MP: 7/12
  3384 | D:3      | Found a sacrificial altar of Ru.
  3455 | D:3      | Found a blossoming altar of Fedhas.
  3619 | D:3      | Learned a level 3 spell: Stone Arrow
  3623 | D:3      | Learned a level 3 spell: Passwall
  3842 | D:4      | Reached skill level 6 in Earth Magic
  3890 | D:4      | Noticed Ijyb
  3897 | D:4      | Killed Ijyb
  4155 | D:4      | Found Townoesch's Distillery.
  4164 | D:4      | Bought a potion of heal wounds for 65 gold pieces
  4303 | D:4      | Killed from afar by an orc priest

Illustrated notes

Levels and vault maps discovered:
D:1:      minmay_arrival_cross, layout_basic
D:2:      layout_basic, shapermc_ecumenical_altar_acropolis, minmay_pentomino_s4
D:3:      layout_rooms, fedhas_altar_fruit_tree,
          nicolae_ru_sacrificial_ziggurat, nicolae_uskayaw_suspiria,
          minmay_diced_spiral, uniq_jessica, uniq_sigmund, uniq_grinder
D:4:      cheibrodos_quashed, layout_basic, serial_shops, shop, shop, uniq_ijyb

Skill      XL: |  1  2  3  4  5  6  7 |
---------------+----------------------+-----
Earth Magic    | 4 5 6 |  6.3
Fighting       | 1 2 3 4 |  4.3
Dodging        | 2 3 |  3.8
Spellcasting   | 3 4 |  4.2
Stealth        | |  2.3
Conjurations   | |  1.3

Action                     |  1- 3 |  4- 6 |  7- 9 || total
---------------------------+-------+-------+-------++-------
  Melee: Unarmed           |    19 |       |       ||    19
         Dagger            |   166 |    77 |       ||   243
         Punch             |     4 |     4 |       ||     8
         Short sword       |       |    78 |   107 ||   185
   Cast: Sandblast         |     7 |    22 |    10 ||    39
         Stone Arrow       |       |       |     6 ||     6
   Stab: Sleeping          |     3 |     1 |     1 ||     5
 Armour: Robe              |    90 |    79 |    67 ||   236
  Dodge: Dodged            |   171 |   127 |    90 ||   388
